 Dungeon Crawl Stone Soup version 0.23.0 (webtiles) character file.

Game seed: 8349567380256739365

5015 Laan the Cleaver (level 10, -4/65 HPs)
             Began as a Gargoyle Skald on Feb 19, 2019.
             Was a Priest of Okawaru.
             Slain by an orc warrior
             ... wielding a +0 halberd
              (12 damage)
             ... on level 9 of the Dungeon.
             The game lasted 00:18:23 (9319 turns).

Laan the Cleaver (Gargoyle Skald)                   Turns: 9319, Time: 00:18:24

Health: -4/65      AC: 22    Str: 19    XL:     10   Next: 54%
Magic:  13/13      EV:  8    Int: 13    God:    Okawaru [***...]
Gold:   337        SH:  3    Dex:  9    Spells: 12/13 levels left

rFire    . . .     SeeInvis +   E - +0 war axe (vamp)
rCold    . . .     Gourm    .   (no shield)
rNeg     + . .     Faith    .   C - +3 chain mail
rPois    ∞         Spirit   .   (no helmet)
rElec    +         Reflect  +   t - +0 cloak (curse)
rCorr    .         Harm     .   (no gloves)
MR       .....                  (no boots)
Stlth    ..........             z - +3 amulet of reflection
HPRegen  0.20/turn              x - ring of see invisible
MPRegen  0.13/turn              (no ring)

@: no status effects
A: negative energy resistance 1, electricity resistance, unbreathing,
petrification resistance, rot immunity, AC +7
a: Heroism, Renounce Religion


You were on level 9 of the Dungeon.
You worshipped Okawaru.
Okawaru was most pleased with you.
You were not hungry.

You visited 2 branches of the dungeon, and saw 10 of its levels.

You collected 337 gold pieces.

Inventory:

Hand Weapons
 c - a +0 war axe
 E - a +0 vampiric war axe (weapon)
Missiles
 i - 7 needles of paralysis
 w - 10 tomahawks (quivered)
Armour
 t - a cursed +0 cloak (worn)
 C - a +3 chain mail (worn)
Jewellery
 u - an uncursed amulet of guardian spirit
 x - a ring of see invisible (left hand)
 z - a +3 amulet of reflection (around neck)
Wands
 f - a wand of flame (18)
 y - a wand of enslavement (9)
 A - a wand of iceblast (1)
 B - a wand of digging (6)
 D - a wand of paralysis (5)
Scrolls
 b - 4 scrolls of teleportation {unknown}
 e - 2 scrolls of enchant weapon {unknown}
 g - a scroll of enchant armour {unknown}
 h - 2 scrolls of blinking {unknown}
 j - 2 scrolls of remove curse {unknown}
 k - a scroll of immolation {unknown}
 l - 6 scrolls of magic mapping {unknown}
 m - 2 scrolls of random uselessness {unknown}
 n - a scroll of noise {unknown}
 p - a scroll of identify
Potions
 a - a potion of brilliance {unknown}
 o - a potion of resistance
 q - 3 potions of haste
 r - 4 potions of flight
 s - 2 potions of agility {unknown}
 v - 2 potions of ambrosia {unknown}
Comestibles
 d - 16 rations
 F - 5 chunks of flesh


   Skills:
 + Level 8.6 Fighting
 * Level 10.1 Axes
 + Level 8.4 Armour
 - Level 1.5 Dodging
 - Level 2.0 Spellcasting
 - Level 2.6 Charms


You had 12 spell levels left.
You knew the following spells:

 Your Spells              Type           Power        Failure   Level  Hunger
a - Infusion              Chrm           #...         58%         1    ##.....

Your spell library contained the following spells:

 Spells                   Type           Power        Failure   Level  Hunger
 Song of Slaying          Chrm           #.......     73%         2    ###....
 Shroud of Golubria       Chrm/Tloc      #.........   88%         2    ###....
 Magic Dart               Conj           #...         91%         1    ##.....
 Sandblast                Erth           #.....       91%         1    ##.....
 Blink                    Tloc           N/A          97%         2    ###....
 Call Imp                 Summ           #.......     97%         2    ###....
 Passwall                 Tmut/Erth      #.......     97%         2    ###....
 Slow                     Hex            #.......     97%         2    ###....
 Regeneration             Chrm/Necr      #.........   98%         3    ####...
 Spectral Weapon          Hex/Chrm       #.......     98%         3    ####...
 Conjure Flame            Conj/Fire      #.......     100%        3    ####...
 Mephitic Cloud           Conj/Pois/Air  #.......     100%        3    ####...
 Stone Arrow              Conj/Erth      #.....       100%        3    ####...
 Petrify                  Tmut/Erth      #.......     100%        4    #####..
 Lee's Rapid Deconstruct  Erth           #.........   100%        5    ######.


Dungeon Overview and Level Annotations

Branches:
Dungeon (9/15)             Temple (1/1) D:5
   Lair: D:8-11         Orc: D:9-12

Altars:
Ashenzari
Cheibriados
Dithmenos
Elyvilon
Fedhas
Gozag
Kikubaaqudgha
Makhleb
Nemelex Xobeh
Okawaru
Qazlal
Ru
Sif Muna
Trog
Uskayaw
Vehumet
Wu Jian
Xom
Yredelemnul
Zin

Shops:
D:4 [   D:8 }   D:9 }

Annotations:
D:6 1 runed translucent door, Jabberih's ghost, novice DsMo
D:7 3 runed translucent doors, Seven's ghost, amateur TrWr


Innate Abilities, Weirdness & Mutations

You are resistant to torment.
Your stone body is resilient. (AC +7)
You are immune to poison.
You resist negative energy. (rN+)
You are resistant to electric shocks. (rElec)
You can survive without breathing.
You are immune to petrification.
You are immune to rotting.


Message History

You block the orc warrior's attack.
You barely miss the orc warrior.
The orc warrior hits you with a +0 halberd.
* * * LOW HITPOINT WARNING * * *
You closely miss the orc warrior. You closely miss the orc.
The orc hits you but does no damage. The orc warrior completely misses you.
You completely miss the orc warrior.
Your chain mail prevents you from hitting the orc.
The orc hits you but does no damage.
The orc warrior hits you but does no damage.
You hit the orc warrior.
The orc warrior is moderately wounded.
You slash the orc!
You kill the orc!
Okawaru accepts your kill. The orc warrior closely misses you.
You hit the orc warrior.
The orc warrior is heavily wounded.
The orc warrior hits you with a +0 halberd!
You die...

.................
..................
..................
#.................
...................
..................
...................
.......)...........
......)@)))........
.%.....o)..........
..........†........
...................
...........).......
...................
..........<........
...........÷.......
..................


You could see an orc warrior.

Vanquished Creatures
  Erica (D:8)
  2 hornets
  2 hippogriffs
  5 yaks (D:8)
  Grum (D:8)
  A black bear (D:8)
  2 sky beasts (D:5)
  3 orc warriors
  2 necrophages
  An ogre (D:6)
  2 wolves
  4 centaurs
  A bullfrog (D:7)
  A big kobold (D:8)
  A water moccasin skeleton (D:5)
  2 scorpions
  6 howler monkeys
  5 crimson imps
  3 hounds
  3 orc priests (D:9)
  3 orc wizards
  A centaur skeleton (D:4)
  2 iguanas
  8 worker ants
  3 gnolls (D:2)
  11 adders
  2 oozes
  An adder skeleton (D:4)
  2 adder zombies
  A worm (D:6)
  8 leopard geckos
  30 orcs
  4 giant cockroaches
  6 goblins
  8 hobgoblins
  2 quokkas (D:5)
  A ball python zombie (D:5)
  8 bats
  2 frilled lizards
  A giant cockroach zombie (D:5)
  13 kobolds
  A leopard gecko skeleton (D:5)
  A leopard gecko zombie (D:5)
  A quokka skeleton (D:4)
  A rat (D:1)
169 creatures vanquished.

Vanquished Creatures (others)
  A two-headed ogre (D:8)
  2 orc warriors (D:8)
  A centaur (D:8)
  2 bullfrogs (D:8)
  An orc wizard (D:8)
  An iguana (D:8)
  A worker ant (D:8)
  An orc (D:8)
  A quokka (D:8)
11 creatures vanquished.

Grand Total: 180 creatures vanquished

Notes
Turn   | Place    | Note
-------+----------+-------------------------------------------
     0 | D:1      | Laan the Gargoyle Skald began the quest for the Orb.
     0 | D:1      | Reached XP level 1. HP: 12/12 MP: 3/3
   111 | D:1      | Reached skill level 2 in Axes
   111 | D:1      | Reached XP level 2. HP: 8/18 MP: 5/5
  1269 | D:2      | Reached XP level 3. HP: 17/22 MP: 6/6
  1802 | D:2      | Reached skill level 3 in Axes
  1802 | D:2      | Reached XP level 4. HP: 22/28 MP: 7/7
  2445 | D:3      | Reached XP level 5. HP: 32/32 MP: 8/8
  2502 | D:3      | Found a snail-covered altar of Cheibriados.
  2566 | D:3      | Found a faded altar of an unknown god.
  3204 | D:4      | Reached skill level 4 in Axes
  3213 | D:4      | Reached XP level 6. HP: 22/38 MP: 9/9
  3495 | D:4      | Found Poxzad's Antique Armour Shoppe.
  3831 | D:5      | Entered Level 5 of the Dungeon
  3942 | D:5      | Reached XP level 7. HP: 35/44 MP: 8/10
  4076 | D:5      | Reached skill level 5 in Axes
  4297 | D:5      | Found a staircase to the Ecumenical Temple.
  4332 | Temple   | Entered the Ecumenical Temple
  4658 | D:5      | Reached skill level 5 in Fighting
  4887 | D:5      | Reached XP level 8. HP: 48/49 MP: 9/11
  4990 | D:6      | Reached skill level 6 in Axes
  4999 | D:6      | Reached skill level 5 in Armour
  5388 | D:6      | Found a runed translucent door.
  5388 | D:6      | Noticed Jabberih's ghost (novice DsMo)
  5806 | D:6      | Reached skill level 7 in Axes
  6106 | D:6      | Found a shattered altar of Ashenzari.
  6247 | D:6      | Found a radiant altar of Vehumet.
  6282 | D:6      | Found an ornate altar of the Wu Jian Council.
  6284 | D:6      | Found a glowing silver altar of Zin.
  6286 | D:6      | Found a basalt altar of Yredelemnul.
  6441 | D:7      | Found a runed translucent gate.
  6442 | D:7      | Found a runed translucent gate.
  6443 | D:7      | Found a runed translucent gate.
  6445 | D:7      | Noticed Seven's ghost (amateur TrWr)
  6517 | D:7      | Reached XP level 9. HP: 38/56 MP: 9/12
  6927 | D:6      | Found an iron altar of Okawaru.
  6931 | D:6      | Became a worshipper of Warmaster Okawaru
  7228 | D:8      | Killed a two-headed ogre
  7286 | D:8      | Noticed Grum
  7698 | D:8      | Reached skill level 8 in Axes
  7945 | D:8      | Reached * piety under Okawaru
  7981 | D:8      | Reached ** piety under Okawaru
  8241 | D:8      | Found a shimmering altar of Xom.
  8288 | D:8      | Reached skill level 9 in Axes
  8442 | D:8      | Noticed Erica
  8446 | D:8      | Killed Erica
  8446 | D:8      | Reached XP level 10. HP: 64/64 MP: 13/13
  8542 | D:8      | Found Emeem's Gadget Emporium.
  8598 | D:8      | Paralysed by Grum for 6 turns
  8605 | D:8      | Killed Grum
  9115 | D:9      | Found Hise's Gadget Boutique.
  9293 | D:9      | Reached *** piety under Okawaru
  9301 | D:9      | Reached skill level 10 in Axes
  9310 | D:9      | HP: 1/65 [orc priest/divine providence (14)]
  9319 | D:9      | Slain by an orc warrior

Skill      XL: |  1  2  3  4  5  6  7  8  9 10 |
---------------+-------------------------------+-----
Axes           | 2 3 4 5 7 9 10 | 10.1
Armour         | 2 3 4 6 7 8 |  8.4
Fighting       | 3 4 5 6 8 |  8.6
Dodging        | |  1.5
Spellcasting   | |  2.0
Charms         | |  2.6

Action                   |  1- 3 |  4- 6 |  7- 9 | 10-12 || total
-------------------------+-------+-------+-------+-------++-------
Melee: Hand axe          |   139 |   275 |   498 |       ||   912
       War axe           |       |       |   120 |   107 ||   227
Evoke: Wand              |       |       |    11 |     7 ||    18
  Use: Scroll            |       |     1 |     5 |       ||     6
       Potion            |       |       |     4 |       ||     4
  Eat: Chunk             |     3 |     7 |    11 |     2 ||    23
       Ration            |       |       |     1 |     2 ||     3
Armor: Leather armour    |    47 |       |       |       ||    47
       Scale mail        |    22 |   154 |       |       ||   176
       Chain mail        |       |    31 |   353 |   129 ||   513
       Plate armour      |       |       |    73 |       ||    73
Dodge: Dodged            |    87 |   148 |   201 |    73 ||   509
Block: Other             |       |       |    20 |    23 ||    43
